 Dungeon Crawl Stone Soup version 0.19.0-24-gb05acd6 (webtiles) character file.

6938 ChaseSP the Transmogrifier (level 11, -5/52 HPs)
             Began as a Vine Stalker Transmuter on Nov 22, 2016.
             Was a Priest of Hepliaklqana.
             Slain by a vault guard
             ... wielding a +0 dire flail
              (7 damage)
             ... on level 13 of the Dungeon.
             The game lasted 00:27:28 (10022 turns).

ChaseSP the Transmogrifier (VSTm)                  Turns: 10022, Time: 00:27:28

Health: -5/52      AC: 10    Str: 26      XL:     11   Next: 7%
Magic:  0/15       EV: 19    Int: 12 (13) God:    Hepliaklqana [***...]
Gold:   436        SH:  0    Dex: 24      Spells: 4 memorised, 4 levels left

rFire  . . .     SeeInvis .       - Unarmed
rCold  + . .     Gourm    .     A - +1 leather armour "Zassudash" {Str+2 Dex+3} (curse)
rNeg   . . .     Faith    +     (no shield)
rPois  .         Spirit   +     (helmet restricted)
rElec  .         Reflect  .     F - +0 cloak
rCorr  .         Harm     .     J - +0 pair of gloves (curse)
MR     +....                    g - +2 pair of boots {Stlth+}
Stlth  +++++.....               q - amulet of faith
                                G - ring of flight (curse)
                                m - +2 ring of strength

@: mighty, agile, very slightly contaminated, invisible
A: reduced essence, fangs 3, horns 1, rugged brown scales 1, blink, cold
resistance 1, deterioration 1, regeneration 2, screaming 1, strong 1, wild magic
1, magic shield, antimagic bite, no device heal 3, rot immunity
a: Blink, Recall Ancestor, Ancestor Identity, Transference, Renounce Religion,
Evoke Flight


You were on level 13 of the Dungeon.
You worshipped Hepliaklqana.
Hepliaklqana was most pleased with you.
You were not hungry.

You visited 2 branches of the dungeon, and saw 13 of its levels.
You also visited: Bailey.

You collected 436 gold pieces.

Inventory:

Missiles
 a - 222 arrows
Armour
 g - a +2 pair of boots of stealth (worn)
 A - the cursed +1 leather armour "Zassudash" (worn) {Str+2 Dex+3}
   (You found it on level 6 of the Dungeon)

   It affects your strength (+2).
   It affects your dexterity (+3).
   It has a curse placed upon it.
 F - a +0 cloak (worn)
 J - a cursed +0 pair of gloves (worn)
Jewellery
 m - a +2 ring of strength (left hand)
 q - an amulet of faith (around neck)
 B - an uncursed ring of fire
 G - a cursed ring of flight (right hand)
Wands
 i - a wand of enslavement (6/24)
 k - a wand of flame (29/48)
 p - a wand of lightning (6/15)
 t - a wand of confusion (45/48)
 y - a wand of iceblast (10/15)
 E - a wand of iceblast (2/15)
 M - a wand of iceblast (6/15)
Scrolls
 j - 3 scrolls of identify
 l - 2 scrolls of fear
 n - 6 scrolls of remove curse
 s - 2 scrolls of fog
 u - 2 scrolls of enchant armour
 w - 3 scrolls of amnesia
 K - a scroll of recharging {unknown}
 L - 2 scrolls of immolation {unknown}
Potions
 b - 2 potions of haste
 e - 2 potions of degeneration
 h - 4 potions of lignification
 o - 2 potions of flight
 x - 2 potions of might
 I - 3 potions of curing
Books
 c - a book of Changes

   Spells                             Type                      Level
   a - Beastly Appendage              Transmutation                1
   b - Sticks to Snakes               Transmutation                2
   c - Spider Form                    Transmutation/Poison         3
   d - Ice Form                       Ice/Transmutation            4
   e - Blade Hands                    Transmutation                5
 D - a book of Necromancy

   Spells                             Type                      Level
   a - Pain                           Necromancy                   1
   b - Animate Skeleton               Necromancy                   1
   c - Vampiric Draining              Necromancy                   3
   d - Regeneration                   Charms/Necromancy            3
   e - Animate Dead                   Necromancy                   4
   f - Control Undead                 Necromancy                   4
Comestibles
 d - 13 bread rations
 f - 2 meat rations
 r - 3 fruits
 v - 9 slices of pizza
 H - 4 beef jerkies


   Skills:
 + Level 5.6 Fighting
 - Level 2.8 Armour
 + Level 2.8 Dodging
 - Level 4.0 Stealth
 * Level 6.5 Unarmed Combat
 + Level 2.2 Spellcasting
 - Level 11.0 Transmutations
 - Level 6.0 Ice Magic
 - Level 3.1 Poison Magic
 + Level 1.5 Invocations


You had 4 spell levels left.
You knew the following spells:

 Your Spells              Type           Power        Failure   Level  Hunger
a - Beastly Appendage     Tmut           #####.       1%          1    ##.....
b - Sticks to Snakes      Tmut           #####...     1%          2    ###....
c - Spider Form           Tmut/Pois      ###.......   10%         3    ####...
d - Ice Form              Ice/Tmut       ####....     14%         4    #####..


Dungeon Overview and Level Annotations

Branches:
Dungeon (11/15)            Temple (1/1) D:5             Orc (0/2) D:10
 Vaults (0/5) D:13
   Lair: D:8-11

Altars:
Dithmenos
Fedhas
Gozag
Hepliaklqana
Kikubaaqudgha
Nemelex Xobeh
Okawaru
Qazlal
Ru
Sif Muna
Trog
Xom
Zin
The Shining One

Shops:
D:4 =   D:5 *

Annotations:
D:13 ninjaorigami's ghost, journeyman DrGl


Innate Abilities, Weirdness & Mutations

You have razor-sharp teeth.
You heal very quickly.
When hurt, damage is shared between your health and your magic reserves.
Your bite disrupts and absorbs the magic of your enemies.
Potions and wands cannot restore your health.
You are immune to rotting.
Your life essence is reduced. (-10% HP)
You have a pair of small horns on your head.
You are partially covered in rugged brown scales. (AC +1, +3% HP)
You can translocate small distances at will.
Your flesh is cold resistant. (rC+)
Your body sometimes deteriorates upon taking damage.
You occasionally shout uncontrollably at your foes.
Your muscles are strong. (Str +2)
Your spells are a little harder to cast, but a little more powerful.


Message History

The vault guard hits you but does no damage.
The vault guard completely misses you.
You are very lightly contaminated with residual magic.
Unknown command.
The hound barks!
You punch the vault guard! You headbutt the vault guard!
You bite the vault guard! You drain its power.
You feel invigorated.
The vault guard is heavily wounded.
You hear a shout!
The vault guard completely misses you.
The vault guard hits you with a halberd.
* * * LOW HITPOINT WARNING * * *
You closely miss the vault guard. You headbutt the vault guard!
You punch the vault guard! You bite the vault guard! You drain its power.
You feel invigorated.
The vault guard is severely wounded.
The vault guard hits you with a great mace of holy wrath!
* * * LOW HITPOINT WARNING * * *
The vault guard hits you with a dire flail!
You die... .......' ZY..

.....W ..... # #..C.
.#...#9# #... ..... #
#..# ##'## .# #..##
##...## ..#
#.[.####.....## ...#
##...##.....op##.h..#
#..........Cp@pT...#
###############....#
####


You could see 3 vault guards, a hill giant, a troll, a hound and an orc.

Vanquished Creatures
  A hill giant (D:10)
  An orc knight (Bailey)
  5 yaks (D:9)
  A human (D:8)
  2 hogs (D:8)
  A hungry ghost (D:9)
  2 orc warriors (D:10)
  A sky beast (D:8)
  2 necrophages
  2 ogres
  2 phantoms
  An ice beast (D:9)
  A big kobold (D:10)
  3 bullfrogs
  2 scorpions
  A killer bee (D:10)
  2 howler monkeys
  5 crimson imps
  A centaur skeleton (D:5)
  3 jellies
  3 orc priests
  A hound (D:9)
  8 orc wizards
  3 iguanas (D:10)
  4 worker ants
  A hound zombie (D:9)
  A howler monkey zombie (D:5)
  2 gnolls (D:8)
  10 adders
  2 shadow imps
  An adder zombie (D:9)
  An adder skeleton (D:4)
  4 worms
  4 leopard geckos
  28 orcs
  5 giant cockroaches
  11 goblins
  7 hobgoblins
  7 jackals
  13 kobolds
  A quokka (D:2)
  2 ball pythons
  5 bats
  8 frilled lizards
  A jackal skeleton (D:6)
  A quokka skeleton (D:4)
  6 rats
179 creatures vanquished.

Vanquished Creatures (collateral kills)
  A hill giant (D:10)
  An oklob plant (D:6)
  Psyche (D:9)
  A yak (D:9)
  2 hogs (D:8)
  A hungry ghost (D:8)
  3 orc warriors
  A phantom (D:10)
  2 ogres
  2 bullfrogs (D:10)
  2 killer bees (D:10)
  A howler monkey (D:6)
  A bullfrog zombie (D:10)
  4 worker ants
  A bullfrog skeleton (D:8)
  A hound zombie (D:8)
  2 gnolls (D:8)
  A worm (D:6)
  7 orcs
  A ball python (D:7)
  3 jackals
  2 kobolds (D:10)
41 creatures vanquished.

Vanquished Creatures (others)
  5 battlemagi
  An ancestor (D:5)
6 creatures vanquished.

Grand Total: 226 creatures vanquished

Notes
Turn   | Place    | Note
-------+----------+-------------------------------------------
     0 | D:1      | ChaseSP the Vine Stalker Transmuter began the quest for the Orb.
     0 | D:1      | Reached XP level 1. HP: 9/9 MP: 4/4
   339 | D:1      | Reached XP level 2. HP: 6/14 MP: 6/6
   546 | D:1      | Learned a level 2 spell: Sticks to Snakes
   585 | D:1      | Reached skill level 3 in Transmutations
   976 | D:2      | Found a stormy altar of Qazlal.
  1108 | D:2      | Reached XP level 3. HP: 4/17 MP: 1/7
  1125 | D:2      | Learned a level 3 spell: Spider Form
  1963 | D:2      | Reached skill level 1 in Poison Magic
  1963 | D:2      | Gained mutation: Your natural rate of healing is unusually fast. [Vine Stalker growth]
  1963 | D:2      | Reached XP level 4. HP: 19/21 MP: 3/8
  2055 | D:2      | Reached skill level 4 in Transmutations
  2704 | D:3      | Reached XP level 5. HP: 25/25 MP: 6/9
  3062 | D:4      | Found Xodghuik's Jewellery Shop.
  3428 | D:4      | Reached skill level 5 in Transmutations
  3428 | D:4      | Reached XP level 6. HP: 21/29 MP: 10/10
  3479 | D:4      | HP: 1/29 [orc priest/nerve-wracking pain (10)]
  3587 | D:4      | Reached skill level 1 in Fighting
  4148 | D:5      | Entered Level 5 of the Dungeon
  4166 | D:5      | Reached XP level 7. HP: 25/33 MP: 5/11
  4187 | D:5      | Learned a level 4 spell: Ice Form
  4197 | D:5      | Found a staircase to the Ecumenical Temple.
  4205 | Temple   | Entered the Ecumenical Temple
  4329 | Temple   | Became a worshipper of Hepliaklqana the Forgotten
  4483 | D:5      | Reached skill level 6 in Transmutations
  4524 | D:5      | Reached skill level 1 in Ice Magic
  4558 | D:5      | Found a shadowy altar of Dithmenos.
  4591 | D:5      | Found Weit Fio's Assorted Antiques.
  4663 | D:5      | Found a blossoming altar of Fedhas.
  4730 | D:5      | Found an opulent altar of Gozag.
  5555 | D:6      | Gained mutation: You have razor-sharp teeth. [Vine Stalker growth]
  5555 | D:6      | Reached XP level 8. HP: 35/35 MP: 12/12
  5831 | D:6      | Found a sacrificial altar of Ru.
  5835 | D:6      | Noticed an oklob plant
  5920 | D:6      | Found a faded altar of an unknown god.
  5920 | D:6      | Found a faded altar of an unknown god.
  5927 | D:6      | Found a faded altar of an unknown god.
  5929 | D:6      | Got a shimmering leather armour
  5940 | D:6      | Identified the cursed +1 leather armour "Zassudash" {Str+2 Dex+3} (You found it on level 6 of the Dungeon)
  5954 | D:6      | Found a glowing golden altar of the Shining One.
  5956 | D:6      | Found a faded altar of an unknown god.
  6000 | D:6      | Found a deep blue altar of Sif Muna.
  6055 | D:6      | Found a sparkling altar of Nemelex Xobeh.
  6251 | D:6      | Killed an oklob plant
  6251 | D:6      | Reached skill level 7 in Transmutations
  6306 | D:6      | Found a bloodstained altar of Trog.
  6321 | D:6      | Found a shimmering altar of Xom.
  6522 | D:7      | Reached skill level 5 in Ice Magic
  6577 | D:7      | Reached XP level 9. HP: 29/40 MP: 9/13
  6612 | D:7      | Reached * piety under Hepliaklqana
  7087 | D:7      | Reached skill level 1 in Stealth
  7253 | D:8      | Reached skill level 8 in Transmutations
  7287 | D:8      | Found a flagged portal.
  7300 | Bailey   | Entered a bailey
  7300 | Bailey   | Reached ** piety under Hepliaklqana
  7300 | Bailey   | Noticed an orc knight
  7301 | Bailey   | Remembered your ancestor Gaius as a battlemage
  7302 | Bailey   | Noticed an orc knight
  7341 | Bailey   | Killed an orc knight
  7417 | D:8      | Found an iron altar of Okawaru.
  7436 | D:8      | Gained mutation: You are frail. (-10% HP) [mutagenic meat]
  7437 | D:8      | Gained mutation: You tend to lose your temper in combat. [mutagenic meat]
  7438 | D:8      | Lost mutation: You tend to lose your temper in combat. [mutagenic meat]
  7438 | D:8      | Gained mutation: Your spells are a little harder to cast, but a little more powerful. [potion of mutation]
  7438 | D:8      | Gained mutation: You are partially covered in rugged brown scales. (AC +1, +3% HP) [potion of mutation]
  7438 | D:8      | Gained mutation: Your body sometimes deteriorates upon taking damage. [potion of mutation]
  7439 | D:8      | Gained mutation: Scrolls take you a little longer to read. [potion of mutation]
  7439 | D:8      | Gained mutation: You are very frail. (-20% HP) [potion of mutation]
  7439 | D:8      | Lost mutation: Scrolls take you a little longer to read. [potion of mutation]
  7440 | D:8      | Lost mutation: You are very frail. (-20% HP) [potion of mutation]
  7440 | D:8      | Lost mutation: You are frail. (-10% HP) [potion of mutation]
  7441 | D:8      | Gained mutation: Your flesh is cold resistant. (rC+) [potion of mutation]
  7441 | D:8      | Gained mutation: You have a pair of small horns on your head. [potion of mutation]
  7441 | D:8      | Gained mutation: You heal very quickly. [potion of mutation]
  7442 | D:8      | Gained mutation: Your muscles are strong. (Str +2) [potion of mutation]
  7442 | D:8      | Gained mutation: You can translocate small distances at will. [potion of mutation]
  7442 | D:8      | Gained mutation: You are partially covered in large bone plates. (SH +4) [potion of mutation]
  7553 | D:8      | Found a glowing golden altar of the Shining One.
  7942 | D:8      | Reached skill level 1 in Armour
  7942 | D:8      | Reached skill level 9 in Transmutations
  7947 | D:8      | Reached XP level 10. HP: 45/47 MP: 12/14
  8262 | D:9      | Noticed Psyche
  8278 | D:9      | Killed Psyche
  8278 | D:9      | Reached skill level 5 in Unarmed Combat
  8611 | D:9      | Reached skill level 10 in Transmutations
  8650 | D:9      | Gained mutation: You occasionally shout uncontrollably at your foes. [potion of mutation]
  8650 | D:9      | Lost mutation: You are partially covered in large bone plates. (SH +4) [potion of mutation]
  8993 | D:10     | Entered Level 10 of the Dungeon
  9010 | D:10     | Noticed a hill giant
  9022 | D:10     | Killed a hill giant
  9075 | D:10     | Reached skill level 5 in Fighting
  9347 | D:10     | Reached *** piety under Hepliaklqana
  9528 | D:10     | Noticed a hill giant
  9561 | D:10     | Killed a hill giant
  9561 | D:10     | Reached skill level 11 in Transmutations
  9561 | D:10     | Reached skill level 1 in Invocations
  9561 | D:10     | Reached XP level 11. HP: 18/52 MP: 3/15
  9814 | D:10     | Found a staircase to the Orcish Mines.
  9985 | D:11     | You fall through a shaft for 2 floors!
  9989 | D:13     | Found a gate to the Vaults.
  9989 | D:13     | Noticed a vault guard
  9989 | D:13     | Noticed a vault guard
  9989 | D:13     | Noticed a vault guard
  9997 | D:13     | Noticed a hill giant
  9997 | D:13     | Noticed ninjaorigami's ghost (journeyman DrGl)
 10010 | D:13     | Noticed a vault guard
 10022 | D:13     | HP: 2/52 [vault guard/great mace of holy wrath (2)]
 10022 | D:13     | Slain by a vault guard

Skill      XL: |  1  2  3  4  5  6  7  8  9 10 |
---------------+-------------------------------+-----
Transmutations | 3 4 5 6 7 9 11 | 11.0
Poison Magic   | 1 2 3 |  3.1
Fighting       | 1 2 3 4 5 |  5.6
Ice Magic      | 2 5 6 |  6.0
Unarmed Combat | 4 6 |  6.5
Stealth        | 4 |  4.0
Dodging        | 2 |  2.8
Armour         | 1 2 |  2.8
Invocations    | 1 |  1.5
Spellcasting   | |  2.2

Action                   |  1- 3 |  4- 6 |  7- 9 | 10-12 || total
-------------------------+-------+-------+-------+-------++-------
Melee: Unarmed           |   140 |   199 |   237 |   140 ||   716
       Bite              |    27 |    48 |    88 |    38 ||   201
       Punch             |     2 |     1 |     8 |     3 ||    14
       Kick              |     4 |       |       |       ||     4
       Headbutt          |     3 |     7 |    15 |    24 ||    49
 Cast: Beastly Appendage |     7 |    11 |     4 |       ||    22
       Sticks to Snakes  |     1 |     6 |     4 |     1 ||    12
       Spider Form       |       |     4 |     2 |     5 ||    11
       Ice Form          |       |       |       |     1 ||     1
Invok: Ancestor Life: Ba |       |       |     1 |       ||     1
Evoke: Wand              |       |       |     7 |       ||     7
  Use: Scroll            |     4 |     4 |     8 |     1 ||    17
       Potion            |     3 |       |     5 |     4 ||    12
 Stab: Sleeping          |       |     1 |     4 |     6 ||    11
       Distracted        |       |       |     5 |     1 ||     6
  Eat: Chunk             |     3 |     9 |    16 |     9 ||    37
       Fruit             |       |       |     1 |       ||     1
Armor: Robe              |    29 |     2 |       |       ||    31
       Leather armour    |       |     8 |    26 |    25 ||    59
       Ring mail         |       |    45 |    27 |       ||    72
       Skin              |       |     1 |       |     8 ||     9
Dodge: Dodged            |    69 |   110 |   128 |    94 ||   401
Block: Other             |       |       |     1 |       ||     1
